 Dungeon Crawl Stone Soup version bcrawl-1.34.4 (webtiles) character file.

Game seed: 1862154207448930486

193774 KristoblXynda the Slasher (level 7, -2/55 HPs)
             Began as a Vampire Gladiator on Oct 24, 2021.
             Was an Initiate of Ashenzari.
             Splashed by a jelly's acid (8 damage)
             ... on level 5 of the Dungeon.
             The game lasted 00:06:07 (4309 turns).

KristoblXynda the Slasher (Vampire Gladiator)       Turns: 4309, Time: 00:06:07

Health: -2/55      AC: -8    Str: 19    XL:     7   Next: 29%
Magic:  16/16      EV: 14    Int:  8    God:    Ashenzari [......]
Gold:   233        SH:  2    Dex: 15    Spells: 6/6 levels left

rFire    . . .     SeeInvis +   a - +0 long sword
rCold    + + .     Gourm    .   (no shield)
rNeg     + + .     Faith    .   b - +0 leather armour
rPois    ∞         Spirit   .   c - +0 helmet
rElec    .         Reflect  .   (no cloak)
rCorr    .         Harm     .   (no gloves)
MR       .....                  (no boots)
Stlth    +++++.....             (no amulet)
HPRegen  0.09/turn              f - ring of protection from cold
MPRegen  0.15/turn              l - ring of magical power

@: corroded, regenerating slowly
A: claws 1, fangs 3, see invisible, unbreathing
a: Curse Item, Renounce Religion


You were on level 5 of the Dungeon.
You worshipped Ashenzari.
Ashenzari was noncommittal.
You were near bloodless.

You visited 1 branch of the dungeon, and saw 5 of its levels.

You collected 233 gold pieces.

Inventory:

Hand Weapons
 a - a +0 long sword (weapon)
Missiles
 m - a throwing net {=f}
Armour
 b - a +0 leather armour (worn)
 c - a +0 helmet (worn)
 r - the +7 chain mail of Zotuv {Int+4}
   (You found it on level 4 of the Dungeon)

   It affects your intelligence (+4).
Jewellery
 f - a ring of protection from cold (left claw)
 l - a ring of magical power (right claw)
Scrolls
 g - 4 scrolls of teleportation
 n - a scroll of blinking {unknown}
 p - 2 scrolls of remove curse
 s - a scroll of amnesia {unknown}
 t - a scroll of fear {unknown}
Potions
 d - 3 potions of mutation
 e - a potion of heal wounds
 h - a potion of lignification {unknown}
 j - a potion of flight
 k - a potion of brilliance {unknown}
 o - a potion of curing {unknown}
 q - 10 potions of blood


   Skills:
 + Level 4.5 Fighting
 + Level 6.0 Long Blades
 - Level 2.0 Throwing
 + Level 5.4 Dodging
 + Level 5.5 Stealth


You had 6 spell levels left.
You didn't know any spells.
Your spell library was empty.

Dungeon Overview and Level Annotations

Branches:
Dungeon (5/12)
 Temple: D:4-7

Altars:
Ashenzari
Nemelex Xobeh
Trog


Innate Abilities, Weirdness & Mutations

You heal slowly.
You are immune to poison.
You have sharp fingernails.
You have razor-sharp teeth.
You have supernaturally acute eyesight. (SInv)
You can survive without breathing.


Message History

The jelly barely misses you.
You hit the jelly but do no damage.
Your claws burn!
The jelly is almost dead.
The jelly hits you.
* * * LOW HITPOINT WARNING * * *
The acid corrodes you!
You are splashed with acid!
* * * LOW HITPOINT WARNING * * *
There is an open door here.
Okay, then.
There is an escape hatch in the floor here.
Okay, then.
An ice beast comes into view.
As you read the scroll labeled CIWKIAMMUM, it crumbles to dust.
None of your equipped items are cursed.
It was a scroll of remove curse.
You feel almost devoid of blood! The jelly hits you.
* * * LOW HITPOINT WARNING * * *
You are splashed with acid!
You die...

##..^## #...
##..Y..## #..#
##.......## #..##
#.........####...##
+.......>.'.......#
#<........####...##
##.......##
#...###.# ##..J..##
#.......# ##.@.##
###.##### ##+## #.#
#.# ........#
#########


You could see an ice beast (wandering) and a jelly.

Vanquished Creatures
  Grinder (D:3)
  A big kobold (D:4)
  A scorpion (D:4)
  An orc priest (D:4)
  3 orc wizards (D:4)
  Jessica (D:3)
  Ijyb (D:3)
  2 worker ants
  2 adders (D:4)
  2 oozes
  2 worms
  2 dart slugs
  7 leopard geckos
  5 orcs
  2 giant cockroaches (D:1)
  5 hobgoblins
  2 jackals (D:2)
  4 kobolds
  4 bats
  2 frilled lizards
  A goblin (D:1)
  4 rats
55 creatures vanquished.

Vanquished Creatures (others)
  An orc wizard (D:4)
1 creature vanquished.

Grand Total: 56 creatures vanquished

Notes
Turn   | Place    | Note
-------+----------+-------------------------------------------
     0 | D:1      | KristoblXynda the Vampire Gladiator began the quest for the
                  | Orb.
     0 | D:1      | Reached XP level 1. HP: 17/17 MP: 1/1
   420 | D:1      | Reached XP level 2. HP: 23/23 MP: 2/2
  1087 | D:2      | Reached skill level 4 in Long Blades
  1387 | D:2      | Reached XP level 3. HP: 21/29 MP: 3/3
  1540 | D:2      | Reached skill level 1 in Stealth
  2146 | D:3      | Noticed Grinder
  2238 | D:3      | Paralysed by Grinder for 4 turns
  2247 | D:3      | Paralysed by Grinder for 3 turns
  2256 | D:3      | Killed Grinder
  2257 | D:3      | Reached skill level 5 in Long Blades
  2257 | D:3      | Reached XP level 4. HP: 9/37 MP: 4/4
  2257 | D:3      | Reached XP level 5. HP: 11/42 MP: 5/5
  2532 | D:3      | Noticed Jessica
  2540 | D:3      | Killed Jessica
  2541 | D:3      | Reached XP level 6. HP: 42/48 MP: 6/6
  2599 | D:3      | Found a shattered altar of Ashenzari.
  2722 | D:3      | Noticed Ijyb
  2742 | D:3      | Killed Ijyb
  2988 | D:3      | Found a bloodstained altar of Trog.
  3339 | D:4      | Got an amethyst-studded chain mail
  3390 | D:4      | Reached skill level 5 in Dodging
  3557 | D:4      | Reached skill level 5 in Stealth
  3572 | D:4      | Found a sparkling altar of Nemelex Xobeh.
  3836 | D:4      | Reached XP level 7. HP: 45/54 MP: 7/7
  4216 | D:3      | Became a worshipper of Ashenzari the Shackled
  4217 | D:3      | Found the cursed amulet of Vision {SInv *Curse}
  4241 | D:5      | Entered Level 5 of the Dungeon
  4249 | D:5      | Reached skill level 6 in Long Blades
  4309 | D:5      | Splashed by a jelly's acid

Skill      XL: |  1  2  3  4  5  6  7 |
---------------+----------------------+-----
Long Blades    | 4 5 6 |  6.0
Throwing       | 2 |  2.0
Fighting       | 3 4 |  4.5
Stealth        | 3 4 5 |  5.5
Dodging        | 4 5 |  5.4

Action                   |  1- 3 |  4- 6 |  7- 9 || total
-------------------------+-------+-------+-------++-------
Melee: Long sword        |   128 |    61 |    41 ||   230
       Bite              |    12 |    11 |     8 ||    31
Throw: Throwing net      |     4 |       |       ||     4
  Use: Potion            |     4 |     4 |     2 ||    10
       Scroll            |     1 |       |     3 ||     4
 Stab: Sleeping          |     8 |     5 |     2 ||    15
       Held in net/web   |     1 |       |       ||     1
Armor: Leather armour    |    18 |     9 |     2 ||    29
Dodge: Dodged            |    64 |    25 |    20 ||   109
Block: Other             |     1 |     3 |     3 ||     7
